 Dungeon Crawl Stone Soup version 0.31.0-11-ge490571c62 (webtiles) character file.

Game seed: 17838519799988004190

1047 qw the Nimble (level 8, -4/39 HPs)
             Began as a Spriggan Hunter on Feb 4, 2024.
             Slain by a mummy (18 damage)
             ... in an ossuary.
             The game lasted 00:00:18 (4130 turns).

qw the Nimble (Spriggan Hunter)                     Turns: 4130, Time: 00:00:18

Health: -4/39      AC:  2    Str:  7    XL:     8   Next: 5%
Magic:  9/9        EV: 26    Int: 11    God:
Gold:   308        SH:  0    Dex: 26    Spells: 7/7 levels left

rFire   + . .        a - +0 shortbow (drain)
rCold   . . .        (shield currently unavailable)
rNeg    . . .        c - +0 robe
rPois   .            (helmet restricted)
rElec   .            (no cloak)
rCorr   .            (gloves unavailable)
SInv    +            (boots unavailable)
Will    +....        j - amulet of the acrobat
Stlth   ++           d - +6 ring of dexterity
HPRegen 0.26/turn    l - ring of protection from fire
MPRegen 0.11/turn

%: acrobat
@: very quick
A: very small, no large weapons, unfitting armour, see invisible, speed 3
a: no special abilities


You were in an ossuary.
You visited 1 branch of the dungeon, and saw 6 of its levels.
You also visited: Ossuary.

You collected 308 gold pieces.


Innate Abilities, Weirdness & Mutations

You are very small and have problems with some larger weapons.
You are too small for most types of armour.
You have supernaturally acute eyesight. (SInv)
You cover ground extremely quickly. (Speed+++)


   Skills:
 - Level 2.2 Fighting
 - Level 7.7 Ranged Weapons
 + Level 8.7 Dodging
 - Level 1.5 Stealth


You had 7 spell levels left.
You didn't know any spells.
Your spell library was empty.

Inventory:

Hand Weapons
 a - a +0 shortbow of draining (weapon)
Armour
 c - a +0 robe (worn)
Jewellery
 d - a +6 ring of dexterity (left hand)
 j - an amulet of the acrobat (around neck)
 l - a ring of protection from fire (right hand)
 Y - a ring of willpower
Wands
 f - a wand of flame (28)
 i - a wand of charming (12)
Potions
 b - 2 potions of heal wounds
 e - 2 potions of mutation
 g - 2 potions of curing
 h - a potion of cancellation
 m - a potion of invisibility {unknown}

Dungeon Overview and Level Annotations

Branches:
Dungeon (6/15)            Ossuary (1/1)
 Temple: D:4-7

Altars:
Fedhas
Gozag
Qazlal
Uskayaw


Message History

The arrow hits the crocodile zombie.
The crocodile zombie is lightly damaged.
You shoot an arrow. The arrow hits the crocodile zombie.
The crocodile zombie is lightly damaged.
You shoot an arrow.
The arrow barely misses the crocodile zombie.
You shoot an arrow. The arrow hits the crocodile zombie.
The crocodile zombie is lightly damaged.
You shoot an arrow. The arrow hits the crocodile zombie.
The crocodile zombie is lightly damaged.
The crocodile zombie completely misses you.
The gnoll zombie completely misses you.
You shoot an arrow. The arrow hits the crocodile zombie.
The crocodile zombie is moderately damaged.
You shoot an arrow.
The arrow hits the crocodile zombie but does no damage.
The crocodile zombie is moderately damaged.
The crocodile zombie completely misses you.
The gnoll zombie barely misses you.
You shoot an arrow.
The arrow barely misses the crocodile zombie.
The crocodile zombie bites you!
The crocodile zombie drags you backwards!
The gnoll zombie misses you.
You shoot an arrow. The arrow hits the crocodile zombie.
The crocodile zombie is heavily damaged.
The mummy misses you. The crocodile zombie bites you!
The crocodile zombie drags you backwards!
The gnoll zombie completely misses you.
You shoot an arrow. The arrow hits the crocodile zombie.
The crocodile zombie is heavily damaged.
The crocodile zombie misses you. The gnoll zombie completely misses you.
The mummy hits you.
You shoot an arrow. The arrow hits the crocodile zombie.
The crocodile zombie is heavily damaged.
You shoot an arrow. The arrow hits the crocodile zombie.
The crocodile zombie is severely damaged.
The crocodile zombie completely misses you.
The gnoll zombie hits you. The mummy hits you!!
You die...

.############
............##
.^......M....#
....\Z.\.@Z..#
........Z....#
............##
.############


You could see a mummy, a crocodile zombie and 2 gnoll zombies.

Vanquished Creatures
  2 black bears
  3 ogres (D:5)
  3 lemures (D:6)
  2 scorpions
  A jelly (D:5)
  4 hounds
  A bombardier beetle (D:5)
  Terence (D:3)
  3 iguanas
  An orc wizard (D:5)
  4 gnolls (D:6)
  5 adders
  A white imp (D:6)
  2 ufetubi (D:5)
  3 dart slugs
  2 ribbon worms (D:2)
  5 orcs
  6 ball pythons
  6 bats
  5 endoplasms
  4 giant cockroaches
  7 goblins
  7 hobgoblins
  4 quokkas
  3 frilled lizards
  10 kobolds
  6 rats
101 creatures vanquished.

Notes
Turn   | Place    | Note
-------+----------+-------------------------------------------
     0 | D:1      | qw the Spriggan Hunter began the quest for the Orb.
     0 | D:1      | Reached XP level 1. HP: 10/10 MP: 2/2
     0 | D:1      | 0 ||| qw: Version: 0.3-a-160-g5e54788
     0 | D:1      | 0 ||| qw: Game counter: 4316
     0 | D:1      | 0 ||| qw: Melee chars always use a shield: true
     0 | D:1      | 0 ||| qw: God list: Okawaru
     0 | D:1      | 0 ||| qw: Allow faded altars: false
     0 | D:1      | 0 ||| qw: Do Orc after clearing Dungeon:15 true
     0 | D:1      | 0 ||| qw: Do second Lair branch before Depths: true
     0 | D:1      | 0 ||| qw: Lair rune preference: random
     0 | D:1      | 0 ||| qw: Goals: Normal
     0 | D:1      | 0 ||| PLANNING D:1-11
    40 | D:1      | Reached skill level 3 in Dodging
   121 | D:1      | Reached XP level 2. HP: 14/14 MP: 3/3
   157 | D:1      | Reached skill level 4 in Dodging
   459 | D:1      | Reached XP level 3. HP: 18/18 MP: 4/4
   646 | D:1      | 646 ||| DROPPING scarf of harm.
   647 | D:1      | 647 ||| UPGRADING to ring of protection from fire.
   648 | D:1      | 648 ||| READING 2 scrolls labelled IBBAADUEXO.
   648 | D:1      | 648 ||| IDENTIFYING yellow potion
   649 | D:1      | 649 ||| READING scroll of identify.
   649 | D:1      | 649 ||| IDENTIFYING 2 dark potions
   650 | D:1      | 650 ||| READING scroll labelled MIOPRE PEJULEPETO.
   650 | D:1      | 650 ||| BRANDING +0 shortbow.
   651 | D:1      | 651 ||| READING scroll labelled ZODOECR VAEDUZ.
   652 | D:1      | 652 ||| DROPPING scroll of butterflies.
   653 | D:1      | 653 ||| DROPPING potion of lignification.
   654 | D:1      | 654 ||| DROPPING 2 potions of attraction.
   656 | D:1      | 656 ||| Stepping ~*~*~tactically~*~*~ (cloud).
  1492 | D:2      | 1492 ||| READING scroll labelled KYZEEME XICH.
  1493 | D:2      | 1493 ||| READING scroll labelled XOONWAKHLUN.
  1494 | D:2      | 1494 ||| READING scroll labelled QEGEORAGIRCH.
  1527 | D:3      | 1527 ||| STAIRDANCE
  1566 | D:3      | Reached XP level 4. HP: 22/22 MP: 5/5
  1920 | D:3      | Noticed Terence
  1929 | D:3      | Killed Terence
  1930 | D:3      | Reached skill level 5 in Dodging
  2043 | D:3      | 2043 ||| READING 2 scrolls of identify.
  2043 | D:3      | 2043 ||| IDENTIFYING fizzy silvery potion
  2044 | D:3      | 2044 ||| READING scroll of identify.
  2044 | D:3      | 2044 ||| IDENTIFYING 2 bubbling golden potions
  2045 | D:3      | 2045 ||| READING scroll labelled VAURPH JACAQE.
  2046 | D:3      | 2046 ||| DRINKING 2 emerald potions.
  2101 | D:4      | Reached XP level 5. HP: 26/26 MP: 6/6
  2214 | D:4      | Noticed a black bear
  2221 | D:4      | Killed a black bear
  2297 | D:4      | Reached XP level 6. HP: 30/30 MP: 7/7
  2429 | D:4      | Reached skill level 6 in Ranged Weapons
  2589 | D:4      | Reached skill level 6 in Dodging
  2831 | D:4      | 2831 ||| UPGRADING to amulet of the acrobat.
  2836 | D:4      | 2836 ||| UPGRADING to ring of willpower.
  2837 | D:4      | 2837 ||| READING scroll of identify.
  2837 | D:4      | 2837 ||| IDENTIFYING clear potion
  2838 | D:4      | 2838 ||| READING scroll labelled CASYHA ERILEA.
  2939 | D:4      | 2939 ||| READING scroll labelled MAGIAB NYWK.
  2940 | D:4      | 2940 ||| DROPPING potion of brilliance.
  2965 | D:5      | Entered Level 5 of the Dungeon
  3152 | D:5      | Found a blossoming altar of Fedhas.
  3168 | D:5      | Found a hide-covered altar of Uskayaw.
  3340 | D:5      | Reached XP level 7. HP: 35/35 MP: 8/8
  3426 | D:5      | Reached skill level 7 in Dodging
  3723 | D:5      | 3723 ||| UPGRADING to +6 ring of dexterity.
  3725 | D:5      | 3725 ||| DROPPING ring of magical power.
  3726 | D:5      | 3726 ||| UPGRADING to ring of protection from fire.
  3728 | D:5      | 3728 ||| READING scroll labelled KUVEDUD NAYDGHUK.
  3754 | D:6      | 3754 ||| PLANNING OSSUARY
  3754 | D:6      | 3754 ||| STAIRDANCE
  3758 | D:6      | 3758 ||| STAIRDANCE
  3810 | D:6      | Reached skill level 8 in Dodging
  3822 | D:6      | Found an opulent altar of Gozag.
  3906 | D:6      | Found a stormy altar of Qazlal.
  3961 | D:6      | Reached XP level 8. HP: 23/39 MP: 9/9
  4112 | D:6      | Found a sand-covered staircase.
  4113 | D:6      | 4113 ||| READING scroll of identify.
  4113 | D:6      | 4113 ||| IDENTIFYING glowing puce potion
  4118 | Ossuary  | Entered an ossuary
  4130 | Ossuary  | Slain by a mummy

Levels and vault maps discovered:
D:1:      eino_arrival_water_star, layout_loops_cross, minmay_tiny_reverse_x
D:2:      layout_basic
D:3:      layout_rooms, nicolae_elevator_lobby_plus, uniq_terence
D:4:      black_bear_nest_1, layout_basic
D:5:      layout_basic, mainiacjoe_overflow_big_doors, serial_curves,
          eino_curves_01, eino_curves_03, corexii_leaking_fountain
D:6:      layout_rooms, grunt_gozag_breadcrumbs,
          mainiacjoe_overflow_tiny_flanked, minmay_temple_entry_poolview,
          enter_ossuary_2, eino_tiny_chamber, uniq_pikel
Ossuary:  ossuary_the_hunt_dpeg

Skill      XL: |  1  2  3  4  5  6  7 |
---------------+----------------------+-----
Dodging        | 3 4 5 6 8 |  8.7
Ranged Weapons | 5 6 7 |  7.7
Fighting       | 2 |  2.2
Stealth        | |  1.5

Action                     |  1- 3 |  4- 6 |  7- 9 || total
---------------------------+-------+-------+-------++-------
   Fire: Shortbow          |   149 |   119 |   108 ||   376
    Use: Scroll            |     7 |     6 |     2 ||    15
         Potion            |       |     1 |       ||     1
 Armour: Robe              |    10 |    18 |    16 ||    44
  Dodge: Dodged            |    42 |    37 |    46 ||   125

Table legend:
 A = Non-vault XP
 B = Vault XP
 C = Vault XP percentage of total XP
 D = Non-vault monster count
 E = Vault monster count
 F = Vault count percentage of total count
                 A         B        C        D         E       F
            +---------+---------+-------+---------+---------+-------
      Total |    1327 |     169 |  11.3 |      94 |       4 |   4.1
            +---------+---------+-------+---------+---------+-------
        D:1 |      41 |       3 |   6.8 |      21 |       2 |   8.7
        D:2 |      33 |       0 |   0.0 |      15 |       0 |   0.0
        D:3 |      54 |      38 |  41.3 |      18 |       1 |   5.3
        D:4 |     265 |     128 |  32.6 |      16 |       1 |   5.9
        D:5 |     661 |       0 |   0.0 |      16 |       0 |   0.0
        D:6 |     273 |       0 |   0.0 |       8 |       0 |   0.0
            +---------+---------+-------+---------+---------+-------
